 Dungeon Crawl Stone Soup version 0.31-a0-236-g9a0961fb85 (webtiles) character file.

Game seed: 1176640524823826788

788 qw the Shooter (level 7, -4/43 HPs)
             Began as a Gargoyle Hexslinger on July 10, 2023.
             Was an Initiate of Okawaru.
             Slain by a lemure (5 damage)
             ... led by Pikel
             ... on level 6 of the Dungeon.
             The game lasted 00:01:54 (3918 turns).

qw the Shooter (Gargoyle Hexslinger)                Turns: 3918, Time: 00:01:55

Health: -4/43      AC: 12    Str: 11      XL:     7   Next: 87%
Magic:  8/8        EV: 10    Int: 13 (14) God:    Okawaru [......]
Gold:   199        SH:  0    Dex: 11 (14) Spells: 7/8 levels left

rFire   . . .        Y - +3 sling
rCold   . . .        (no shield)
rNeg    + . .        a - +0 ring mail
rPois   inf          (no helmet)
rElec   +            m - +0 cloak
rCorr   +            (no gloves)
SInv    .            h - +0 pair of boots
Will    .....        l - amulet of the acrobat
Stlth   +            i - ring of resist corrosion
HPRegen 0.27/turn    (no ring)
MPRegen 0.11/turn

%: acrobat
@: no status effects
A: sickness immunity, AC +4, negative energy resistance 1, electricity
resistance, torment resistance 1, petrification resistance
a: Renounce Religion


You were on level 6 of the Dungeon.
You worshipped Okawaru.
Okawaru was noncommittal.
You visited 2 branches of the dungeon, and saw 7 of its levels.

You collected 199 gold pieces.


Innate Abilities, Weirdness & Mutations

You are immune to sickness and miasma.
Your stone body is resilient. (AC +4)
You are immune to poison.
You resist negative energy. (rN+)
You are resistant to electric shocks. (rElec)
You are resistant to unholy torment.
You are immune to petrification.


   Skills:
 - Level 4.1 Fighting
 + Level 7.5 Ranged Weapons
 - Level 2.0 Armour
 - Level 1.5 Dodging
 - Level 1.0 Spellcasting
 - Level 2.6 Hexes


You had 7 spell levels left.
You knew the following spells:

 Your Spells              Type           Power      Damage    Failure   Level
a - Slow                  Hex            28%        N/A       22%         1

Your spell library contained the following spells:

 Spells                   Type           Power      Damage    Failure   Level
 Inner Flame              Hex/Fire       4%         N/A       75%         3
 Portal Projectile        Hex/Tloc       8%         N/A       75%         3
 Cause Fear               Hex            3%         N/A       91%         4

Inventory:

Hand Weapons
 Y - a +3 sling (weapon)
Armour
 a - a +0 ring mail (worn)
 h - a +0 pair of boots (worn)
 m - a +0 cloak (worn)
Jewellery
 i - a ring of resist corrosion (left hand)
 l - an amulet of the acrobat (around neck)
Scrolls
 b - a scroll of identify
Potions
 c - a potion of curing
 d - a potion of heal wounds {unknown}
 f - 2 potions of mutation

Dungeon Overview and Level Annotations

Branches:
Dungeon (6/15)             Temple (1/1) D:5

Altars:
Ashenzari
Cheibriados
Dithmenos
Elyvilon
Fedhas
Gozag
Hepliaklqana
Kikubaaqudgha
Makhleb
Nemelex Xobeh
Okawaru
Qazlal
Ru
Sif Muna
Trog
Uskayaw
Vehumet
Wu Jian
Xom
Yredelemnul
Zin
The Shining One

Annotations:
D:6 Pikel


Message History

The scorpion barely misses you. Pikel hits you but does no damage.
The lemure hits you but does no damage.
You shoot a sling bullet. The sling bullet barely misses Pikel.
The scorpion stings you but does no damage.
Pikel hits you but does no damage.
The scorpion stings you but does no damage.
You shoot a sling bullet. The sling bullet hits Pikel!
Pikel is moderately wounded.
Pikel barely misses you.
The lemure hits you but does no damage. x3
The scorpion stings you but does no damage.
You shoot a sling bullet. The sling bullet hits Pikel.
Pikel is heavily wounded.
Pikel hits you with a +2 whip of flaming.
Pikel burns you. The lemure completely misses you.
The lemure hits you but does no damage. The lemure barely misses you.
The scorpion barely misses you.
You shoot a sling bullet. The sling bullet hits Pikel.
Pikel is heavily wounded.
The scorpion stings you.
An ogre comes into view. It is wielding a +0 giant club.
Pikel hits you but does no damage. The lemure hits you but does no damage.
The lemure closely misses you. x2; The scorpion barely misses you.
Pikel misses you. The lemure barely misses you.
The lemure completely misses you. The lemure closely misses you.
The ogre moves out of view.
You shoot a sling bullet. The sling bullet hits Pikel.
Pikel is heavily wounded.
The scorpion closely misses you. Pikel misses you. The lemure hits you.
The lemure misses you. The lemure closely misses you.
You shoot a sling bullet. The sling bullet hits Pikel.
Pikel is heavily wounded.
The scorpion stings you but does no damage.
Pikel hits you with a +2 whip of flaming.
Pikel burns you.
The lemure hits you but does no damage. x2
The lemure closely misses you.
The scorpion stings you but does no damage.
You shoot a sling bullet. The sling bullet misses Pikel.
Pikel hits you with a +2 whip of flaming!
Pikel burns you. The lemure hits you. x2
You die...

#.|........
#..........
#..........
#..........
######.........#
#..............#
#......55K.....#
#......5@s5.....
#...._..######..
#....8..#
#...._..#
#.......#
#......##
#.%....#
#....(.#
####....##


You could see Pikel, 4 lemures and a scorpion.

Vanquished Creatures
  A sky beast (D:4)
  An ogre (D:5)
  A phantom (D:4)
  2 scorpions (D:4)
  A jelly (D:4)
  2 orc priests (D:5)
  An iguana (D:5)
  3 orc wizards
  8 adders
  A shadow imp (D:5)
  A white imp (D:5)
  An ufetubus (D:5)
  4 worms
  5 dart slugs
  14 orcs
  5 ball pythons
  3 endoplasms
  3 giant cockroaches (D:4)
  7 goblins
  8 hobgoblins
  4 jackals
  12 kobolds
  4 quokkas
  4 bats
  6 frilled lizards
  9 rats
111 creatures vanquished.

Notes
Turn   | Place    | Note
-------+----------+-------------------------------------------
     0 | D:1      | qw the Gargoyle Hexslinger began the quest for the Orb.
     0 | D:1      | Reached XP level 1. HP: 12/12 MP: 2/2
     0 | D:1      | 0 ||| qw: Version: 0.3-a-52-g30416fa
     0 | D:1      | 0 ||| qw: Game counter: 4790
     0 | D:1      | 0 ||| qw: Melee chars always use a shield: true
     0 | D:1      | 0 ||| qw: God list: Okawaru
     0 | D:1      | 0 ||| qw: Allow faded altars: false
     0 | D:1      | 0 ||| qw: Do Orc after clearing Dungeon:15 true
     0 | D:1      | 0 ||| qw: Do second Lair branch before Depths: true
     0 | D:1      | 0 ||| qw: Lair rune preference: random
     0 | D:1      | 0 ||| qw: Goals: Normal
     0 | D:1      | 0 ||| PLANNING D:1-11
   198 | D:1      | Reached XP level 2. HP: 16/16 MP: 3/3
   261 | D:1      | Reached skill level 3 in Ranged Weapons
   433 | D:1      | 433 ||| READING scroll labelled UHEUSS XIUPHE.
   434 | D:1      | 434 ||| READING scroll labelled OFROLI FUSCHIUNG.
   435 | D:1      | 435 ||| READING scroll labelled TYISME MOUPS.
   436 | D:1      | 436 ||| DROPPING scroll of poison.
   564 | D:2      | Reached XP level 3. HP: 21/21 MP: 4/4
   733 | D:2      | 733 ||| READING scroll of enchant weapon.
   733 | D:2      | 733 ||| ENCHANTING +2 sling.
   795 | D:2      | Reached XP level 4. HP: 26/26 MP: 5/5
   808 | D:2      | Reached skill level 4 in Ranged Weapons
  1228 | D:2      | 1228 ||| UPGRADING to +0 ring mail.
  1238 | D:2      | 1238 ||| DROPPING +0 robe.
  1239 | D:2      | 1239 ||| UPGRADING to +0 pair of boots.
  1244 | D:2      | 1244 ||| UPGRADING to ring of resist corrosion.
  1245 | D:2      | 1245 ||| READING scroll labelled DIGALI VEIZ.
  1246 | D:2      | 1246 ||| READING 2 scrolls labelled NIAJUV KEASHU.
  1249 | D:2      | 1249 ||| DRINKING 2 puce potions.
  1250 | D:2      | 1250 ||| DRINKING 2 bubbling coppery potions.
  1251 | D:2      | 1251 ||| DRINKING potion of curing.
  1251 | D:2      | 1251 ||| (to cure confusion)
  1252 | D:2      | 1252 ||| READING 3 scrolls of identify.
  1252 | D:2      | 1252 ||| IDENTIFYING viscous white potion
  1253 | D:2      | 1253 ||| DROPPING potion of ambrosia.
  1376 | D:3      | Reached skill level 1 in Armour
  1585 | D:3      | Reached XP level 5. HP: 30/30 MP: 6/6
  1736 | D:3      | Found an ornate altar of the Wu Jian Council.
  2100 | D:3      | 2100 ||| DROPPING scarf of harm.
  2101 | D:3      | 2101 ||| UPGRADING to +0 cloak.
  2106 | D:3      | 2106 ||| UPGRADING to amulet of the acrobat.
  2111 | D:3      | 2111 ||| READING scroll labelled NAOLAU WOESKA.
  2112 | D:3      | 2112 ||| READING scroll labelled JUMAIN AMPAR.
  2113 | D:3      | 2113 ||| READING 2 scrolls of identify.
  2113 | D:3      | 2113 ||| IDENTIFYING murky golden potion
  2114 | D:3      | 2114 ||| DROPPING potion of invisibility.
  2166 | D:4      | Noticed a phantom
  2175 | D:4      | Reached skill level 5 in Ranged Weapons
  2184 | D:4      | HP: 7/30 [phantom (2)]
  2185 | D:4      | 2185 ||| READING scroll of teleportation.
  2189 | D:4      | Killed a phantom
  2190 | D:4      | Reached skill level 3 in Fighting
  2190 | D:4      | Reached XP level 6. HP: 11/37 MP: 7/7
  2190 | D:4      | 2190 ||| FLEEEEING.
  2191 | D:4      | 2191 ||| FLEEEEING.
  2203 | D:4      | 2203 ||| FLEEEEING.
  2204 | D:4      | 2204 ||| FLEEEEING.
  2205 | D:4      | 2205 ||| FLEEEEING.
  2206 | D:4      | 2206 ||| FLEEEEING.
  2207 | D:4      | 2207 ||| FLEEEEING.
  2208 | D:4      | 2208 ||| FLEEEEING.
  2209 | D:4      | 2209 ||| FLEEEEING.
  2210 | D:4      | 2210 ||| FLEEEEING.
  2212 | D:4      | 2212 ||| STAIRDANCE
  2303 | D:3      | 2303 ||| READING 2 scrolls of identify.
  2303 | D:3      | 2303 ||| IDENTIFYING fuming emerald potion
  2304 | D:3      | 2304 ||| DROPPING potion of magic.
  2309 | D:4      | 2309 ||| DRINKING 2 potions of curing.
  2309 | D:4      | 2309 ||| (to cure confusion)
  2400 | D:4      | Noticed a sky beast
  2416 | D:4      | Killed a sky beast
  2417 | D:4      | Reached skill level 6 in Ranged Weapons
  2417 | D:4      | Reached XP level 7. HP: 25/41 MP: 8/8
  2841 | D:4      | 2841 ||| READING scroll labelled TOMEEM TELOU.
  2842 | D:4      | 2842 ||| DRINKING 2 murky coppery potions.
  2843 | D:4      | 2843 ||| DROPPING potion of degeneration.
  2870 | D:5      | Entered Level 5 of the Dungeon
  2907 | D:5      | 2907 ||| Stepping ~*~*~tactically~*~*~ (outnumbered).
  2975 | D:5      | Reached skill level 7 in Ranged Weapons
  3248 | D:5      | 3248 ||| Stepping ~*~*~tactically~*~*~ (outnumbered).
  3405 | D:5      | Found a staircase to the Ecumenical Temple.
  3406 | D:5      | 3406 ||| PLANNING TEMPLE
  3414 | Temple   | Entered the Ecumenical Temple
  3444 | Temple   | 3444 ||| PLANNING OKAWARU WORSHIP
  3601 | Temple   | Became a worshipper of Warmaster Okawaru
  3602 | Temple   | 3602 ||| PLANNING D:1-11
  3882 | D:6      | Found a broken altar of Ashenzari.
  3888 | D:6      | Found a bloodstained altar of Trog.
  3903 | D:6      | Noticed Pikel
  3918 | D:6      | HP: 8/43 [Pikel/+2 whip of flaming (9)]
  3918 | D:6      | HP: 1/43 [lemure[Pikel] (5)]
  3918 | D:6      | Slain by a lemure

Levels and vault maps discovered:
D:1:      lemuel_arrival_broad_hall, layout_basic
D:2:      minmay_recursive_quarters, layout_loops_cross, minivault_27
D:3:      layout_basic, mainiacjoe_overflow_alcove_2
D:4:      layout_cave_pools, chequers_serial_rivers_micro_d
D:5:      layout_basic, minmay_temple_entry_slanted
D:6:      corexii_shack_village, layout_basic,
          chequers_temple_overflow_statue_of_worship, minivault_5, uniq_pikel
Temple:   nicolae_temple_bog_church

Skill      XL: |  1  2  3  4  5  6  7 |
---------------+----------------------+-----
Ranged Weapons | 3 4 5 6 7 |  7.5
Fighting       | 2 3 4 |  4.1
Armour         | 1 2 |  2.0
Dodging        | |  1.5
Spellcasting   | |  1.0
Hexes          | |  2.6

Action                     |  1- 3 |  4- 6 |  7- 9 || total
---------------------------+-------+-------+-------++-------
   Fire: Sling             |    96 |   170 |   141 ||   407
    Use: Scroll            |     4 |     8 |     1 ||    13
         Potion            |       |     4 |     1 ||     5
 Armour: Robe              |     5 |     7 |       ||    12
         Ring mail         |       |    38 |    51 ||    89
  Dodge: Dodged            |    22 |    50 |    62 ||   134

Table legend:
 A = Non-vault XP
 B = Vault XP
 C = Vault XP percentage of total XP
 D = Non-vault monster count
 E = Vault monster count
 F = Vault count percentage of total count
                 A         B        C        D         E       F
            +---------+---------+-------+---------+---------+-------
      Total |    1098 |      28 |   2.5 |     101 |      10 |   9.0
            +---------+---------+-------+---------+---------+-------
        D:1 |      27 |       0 |   0.0 |      17 |       0 |   0.0
        D:2 |      68 |      28 |  29.2 |      22 |      10 |  31.2
        D:3 |      57 |       0 |   0.0 |      16 |       0 |   0.0
        D:4 |     569 |       0 |   0.0 |      24 |       0 |   0.0
        D:5 |     364 |       0 |   0.0 |      21 |       0 |   0.0
        D:6 |      13 |       0 |   0.0 |       1 |       0 |   0.0
            +---------+---------+-------+---------+---------+-------
